 Dungeon Crawl Stone Soup version 0.26-a0-540-g8a0c9464d7 (webtiles) character file.

Game seed: 15532040860598795185

(classic levelgen) 154438 EnegeticOcto the Rapturous (level 16, -13/138 (139) HPs)
             Began as a Deep Dwarf Fighter on Aug 17, 2020.
             Was a High Priest of Uskayaw.
             Mangled by a death ooze (14 damage)
             ... created by the Royal Jelly
             ... on level 5 of the Pits of Slime.
             The game lasted 00:41:40 (4604 turns).

EnegeticOcto the Rapturous (Deep Dwarf Fighter)     Turns: 4604, Time: 00:41:40

HP:   -13/138 (139) AC: 22    Str: 23    XL:     16   Next: 43%
MP:   0/0           EV:  9    Int: 11    God:    Uskayaw [*****.]
Gold: 197           SH: 15    Dex: 15    Spells: 15/15 levels left

rFire    + . .     SeeInvis .   a - +3 broad axe (freeze)
rCold    . . .     Faith    .   c - +2 kite shield
rNeg     + . .     Spirit   .   o - +8 chain mail "Ruan Xer" {rPois Str-4 Int+2 Dex+3}
rPois    +         Reflect  .   y - +2 hat
rElec    .         Harm     .   J - +2 cloak
rCorr    +                      (no gloves)
MR       ++...                  j - +2 pair of boots {Fly}
Stlth    ..........             (no amulet)
HPRegen  0.00/turn              e - +4 ring of slaying
MPRegen  0.07/turn              C - ring of Maaz Sang {rF+ rCorr Slay+2}

@: mighty, corroded, stab, flying, non-regenerating, badly diseased
A: damage resistance, heal wounds, negative energy resistance 1, sense
surroundings 2, no regeneration
}: 2/15 runes: barnacled, gossamer
a: Heal Wounds, Stomp, Line Pass, Grand Finale, Renounce Religion, Stop Flying


You were on level 5 of the Pits of Slime.
You worshipped Uskayaw.
Uskayaw was greatly pleased with you.
You visited 5 branches of the dungeon, and saw 28 of its levels.

You collected 409 gold pieces.
You spent 212 gold pieces at shops.

Inventory:

Hand Weapons
 a - a +3 broad axe of freezing (weapon)
 E - a +2 falchion of distortion
Missiles
 F - 3 javelins (quivered)
Armour
 c - a +2 kite shield (worn)
 j - a +2 pair of boots of flying (worn)
 o - the +8 chain mail "Ruan Xer" (worn) {rPois Str-4 Int+2 Dex+3}
   (You found it on level 3 of the Spider Nest)

   It affects your strength (-4).
   It affects your intelligence (+2).
   It affects your dexterity (+3).
   It protects you from poison.
 w - a -2 tower shield
 y - a +2 hat (worn)
 J - a +2 cloak (worn)
Jewellery
 e - a +4 ring of slaying (left hand)
 C - the ring of Maaz Sang (right hand) {rF+ rCorr Slay+2}
   (You bought it in a shop on level 7 of the Dungeon)

   [ring of resist corrosion]

   It affects your accuracy and damage with ranged weapons and melee attacks
   (+2).
   It protects you from fire.
   It provides partial protection from all sources of acid and corrosion.
Wands
 l - a wand of paralysis (7)
 n - a wand of enslavement (14)
 q - a wand of flame (20) {@v4}
 B - a wand of random effects (3)
 I - a wand of disintegration (12)
Scrolls
 h - 3 scrolls of teleportation {@r3}
 i - 3 scrolls of immolation {@r4}
 m - a scroll of magic mapping {@r5}
 r - 2 scrolls of fear
 u - a scroll of remove curse {@r2}
Potions
 b - a potion of ambrosia
 d - a potion of might {@q3}
 k - a potion of stabbing {@q5}
 t - a potion of invisibility
 v - a potion of cancellation {unknown}
 x - 3 potions of magic
 z - 2 potions of resistance {@q6}
 H - a potion of berserk rage {unknown}
Miscellaneous
 G - a tin of tremorstones (3/3)
 K - a condenser vane (2/2)


   Skills:
 - Level 7.9 Fighting
 - Level 18.0 Axes
 - Level 6.5 Armour
 - Level 2.2 Dodging
 - Level 13.1 Shields
 + Level 21.9 Invocations
 - Level 6.8 Evocations


You had 15 spell levels left.
You didn't know any spells.
Your spell library contained the following spells:

 Spells                   Type           Power        Failure   Level
 Confusing Touch          Hex            #.......     100%        3
 Gell's Gravitas          Tloc           #.........   100%        3
 Petrify                  Tmut/Erth      #.......     100%        4
 Metabolic Englaciation   Hex/Ice        #.........   100%        5
 Yara's Violent Unravell  Hex/Tmut       #.........   100%        5


Dungeon Overview and Level Annotations

Branches:
Dungeon (10/15)            Temple (0/1) D:6            Lair (5/6) D:10
 Shoals (4/4) Lair:4       Spider (4/4) Lair:3        Slime (5/5) Lair:5
    Orc: D:9-12

Altars:
Kikubaaqudgha
Uskayaw
Zin
Jiyva

Shops:
D:6 ?*   D:7 *   D:8 (

Annotations:
Slime:5 Royal Jelly


Innate Abilities, Weirdness & Mutations

You are resistant to damage.
You can heal yourself by infusing magical energy.
You resist negative energy. (rN+)
You passively map the area around you.
You do not regenerate.


Message History

The acid blob is no longer paralysed.
An eye of devastation comes into view.
An acid blob comes into view.
The acid blob hits you!!
You are splashed with acid.
You resist.
You can now merge with and destroy a victim.
You slash the acid blob! You freeze the acid blob.
Your hands burn!
The acid blob is severely wounded.
The helpless acid blob fails to defend itself.
You slice the acid blob!! You freeze the acid blob.
Your hands burn!
The helpless azure jelly fails to defend itself.
You slice the azure jelly!! You slash the acid blob! You freeze the acid blob.
Your hands burn!
The acid blob is severely wounded.
The helpless acid blob fails to defend itself.
You slash the acid blob! You freeze the acid blob!
Your hands burn!
The helpless azure jelly fails to defend itself.
You slice the azure jelly!! You freeze the azure jelly.
You kill the azure jelly!
That felt strangely unrewarding.
The acid blob spits acid at you.
The splash of acid hits you but does no damage.
You are splashed with acid!
You resist.
You slash the acid blob! You freeze the acid blob.
Your hands burn!
The acid blob is almost dead.
The helpless acid blob fails to defend itself.
You slice the acid blob!! You freeze the acid blob.
Your hands burn!
You block the acid blob's attack.
A great orb of eyes comes into view.
The great orb of eyes pulsates ominously.
An azure jelly comes into view.
The azure jelly quivers.
The acid blob is no longer paralysed.
The Royal Jelly is no longer paralysed.
The death ooze is no longer paralysed.
You block the Royal Jelly's attack.
The Royal Jelly hits you but does no damage.
The acid blob spits acid at you. The splash of acid hits you. You resist.
You are splashed with acid!
You resist.
* * * LOW HITPOINT WARNING * * *
The acid blob spits acid at you. The splash of acid hits you. You resist.
You are splashed with acid.
You resist.
* * * LOW HITPOINT WARNING * * *
A slime creature comes into view.
Found seventeen items.
You slice the death ooze!! You freeze the death ooze.
The death ooze is heavily damaged.
You hit the acid blob. You freeze the acid blob.
Your hands burn!
The acid blob spits acid at you. The splash of acid hits you. You resist.
* * * LOW HITPOINT WARNING * * *
The acid corrodes you!
You are splashed with acid.
You resist.
* * * LOW HITPOINT WARNING * * *
You slice the acid blob!! You freeze the acid blob!
You kill the acid blob!
That felt strangely unrewarding.
You slash the death ooze! You freeze the death ooze. You hit the acid blob.
You freeze the acid blob.
You kill the acid blob!
That felt strangely unrewarding.
You block the death ooze's attack. x2
You can no longer merge with and destroy a victim.
You slice the death ooze!! You freeze the death ooze.
You destroy the death ooze!
That felt strangely unrewarding.
The acid blob jiggles.
You slash the death ooze! You freeze the death ooze.
The death ooze is moderately damaged.
An azure jelly comes into view.
The death ooze hits you!
* * * LOW HITPOINT WARNING * * *
You feel ill.
You feel your flesh rotting away! You block the death ooze's attack.
You carve the death ooze like a ham!!! You freeze the death ooze.
You destroy the death ooze!
That felt strangely unrewarding.
You slice the great orb of eyes!! You freeze the great orb of eyes.
The great orb of eyes is moderately wounded.
The great orb of eyes pulsates ominously.
The great orb of eyes bites you but does no damage.
Uskayaw will force your foes to share their pain.
You slice the great orb of eyes!! You freeze the great orb of eyes.
The great orb of eyes is severely wounded.
An acid blob comes into view.
The great orb of eyes bites you but does no damage.
Two slime creatures merge to form a large slime creature.
You hit the great orb of eyes. You freeze the great orb of eyes.
The great orb of eyes is almost dead.
You hit the great orb of eyes. You freeze the great orb of eyes.
The great orb of eyes is almost dead.
The great orb of eyes gazes at you.
You are blasted!
* * * LOW HITPOINT WARNING * * *
You can now merge with and destroy a victim.
Okay, then.
Enter note: :( Unknown command.
Char dumped successfully.
You slash the great orb of eyes! You freeze the great orb of eyes.
You kill the great orb of eyes!
You slice the death ooze!! You freeze the death ooze.
The death ooze is heavily damaged.
You block the death ooze's attack. The death ooze hits you!!
You die...

, ,* ,* , , , ,* . #?#* , ,
, ,, , ,, ##.*!!/*
............... , *#..##[|,
#.............. * #.##[)φ ,
#............. , #J.##/} ,
#............. ##G#}#[,
#.....J....... * *
#JJ########............. ,
,*,
..GGJJ#@.J#............. ,
..J.#JJ.#...............
***#..########.............
*,,* ##.#}#$ #.............
, #..##?} #............. ,
#.##}:[ #............. ,
#..##([ #.............. , ,
##.*$($ #............... ,*
*, ** ................


You could see the Royal Jelly (pain bonded), 2 acid blobs, 3 azure jellies, a
great orb of eyes, a large slime creature, a slime creature, an eye of
devastation, a glowing orange brain and a death ooze.

Vanquished Creatures
  9 acid blobs
  4 azure jellies
  3 ghost moths
  7 emperor scorpions
  2 entropy weavers
  2 merfolk javelineers (Shoals:4)
  2 death oozes (Slime:5)
  3 merfolk impalers (Shoals:4)
  3 great orbs of eyes
  2 hydras
  5 merfolk avatars
  2 satyrs (Shoals:4)
  4 merfolk aquamancers
  Urug (Lair:1)
  11 sea snakes
  3 harpies (Shoals:2)
  Pikel (D:5)
  9 orb spiders
  A lindwurm (Lair:5)
  26 wolf spiders
  18 fauns
  A moth of wrath (Spider:4)
  5 merfolk sirens
  11 elephants (Lair:4)
  8 manticores
  2 black mambas
  A gargoyle (D:10)
  4 water nymphs
  Maurice (D:9)
  2 torpor snails
  2 cane toads
  2 komodo dragons
  6 demonic crawlers
  4 rime drakes
  32 jumping spiders
  A wind drake (Shoals:4)
  A polar bear (Lair:2)
  17 merfolk
  A hornet (Spider:4)
  3 blink frogs (Lair:5)
  4 hippogriffs
  22 slime creatures
  3 snapping turtles
  54 redbacks
  2 water elementals
  11 tarantellas
  3 wyverns
  26 yaks
  8 golden eyes
  Menkaure (D:6)
  Edmund (D:6)
  2 water moccasins
  4 black bears
  An orc warrior (D:10)
  An ice beast (D:9)
  2 eyes of draining (Slime:1)
  2 sky beasts
  6 ogres
  4 crocodiles
  6 wolves (Lair:4)
  2 centaurs
  3 lemures (D:5)
  2 big kobolds (D:9)
  7 bullfrogs
  2 scorpions
  3 killer bees (D:6)
  2 howler monkeys
  9 wights
  A quasit (D:9)
  A centaur zombie (D:8)
  7 jellies
  6 orc priests
  A bullfrog skeleton (D:5)
  3 orc wizards
  3 iguanas
  2 worker ants
  A killer bee zombie (D:8)
  2 hound skeletons
  7 adders
  A shadow imp (D:8)
  3 white imps
  An ufetubus (D:5)
  An ooze (Lair:5)
  An adder zombie (D:9)
  A worm (D:2)
  A leopard gecko (D:3)
  15 orcs
  3 bats
  3 giant cockroaches
  3 hobgoblins (D:2)
  17 jackals
  2 quokkas
  2 frilled lizards
  A goblin (D:3)
  9 kobolds
  A leopard gecko skeleton (D:6)
  A quokka skeleton (D:4)
  A rat (D:2)
  A fungus (Lair:3)
  20 plants
537 creatures vanquished.

Vanquished Creatures (collateral kills)
  A wolf spider (Spider:4)
1 creature vanquished.

Vanquished Creatures (others)
  7 fungi
  31 plants
38 creatures vanquished.

Grand Total: 576 creatures vanquished

Notes
Turn   | Place    | Note
-------+----------+-------------------------------------------
     0 | D:1      | EnegeticOcto the Deep Dwarf Fighter began the quest for the
                  | Orb.
     0 | D:1      | Reached XP level 1. HP: 20/20 MP: 1/1
    27 | D:1      | Reached XP level 2. HP: 27/27 MP: 2/2
   150 | D:3      | Found an ancient bone altar of Kikubaaqudgha.
   169 | D:3      | Reached XP level 3. HP: 30/33 MP: 3/3
   314 | D:5      | Entered Level 5 of the Dungeon
   326 | D:5      | Reached XP level 4. HP: 24/40 MP: 4/4
   326 | D:5      | Reached skill level 5 in Axes
   335 | D:5      | Reached XP level 5. HP: 32/46 MP: 5/5
   401 | D:4      | Noticed an ogre
   415 | D:4      | Killed an ogre
   415 | D:4      | Reached XP level 6. HP: 51/55 MP: 5/5
   505 | D:5      | Noticed Pikel
   541 | D:5      | Killed Pikel
   541 | D:5      | Reached XP level 7. HP: 40/61 MP: 5/5
   550 | D:5      | Reached skill level 10 in Axes
   605 | D:5      | Reached XP level 8. HP: 54/68 MP: 5/5
   692 | D:6      | Found Zin's Purification Station.
   697 | D:6      | Found a glowing silver altar of Zin.
   710 | D:6      | Found Mittessuag's Magic Scroll Shop.
   716 | D:6      | Bought a scroll of enchant weapon for 112 gold pieces
   763 | D:7      | Found Xaefagex's Assorted Antiques.
   775 | D:7      | Noticed a +0 hand axe
   775 | D:7      | Noticed a +0 dagger
   783 | D:7      | Found a hide-covered altar of Uskayaw.
   796 | D:7      | Became a worshipper of Uskayaw the Reveler
   800 | D:7      | Reached * piety under Uskayaw
   801 | D:7      | Reached ** piety under Uskayaw
   838 | D:7      | Reached skill level 1 in Invocations
   842 | D:7      | Reached *** piety under Uskayaw
   844 | D:7      | Reached skill level 2 in Invocations
   956 | D:6      | Reached **** piety under Uskayaw
  1046 | D:6      | Found a staircase to the Ecumenical Temple.
  1052 | D:6      | Noticed Menkaure
  1068 | D:6      | Killed Menkaure
  1068 | D:6      | Reached skill level 3 in Invocations
  1187 | D:6      | Gained mutation: You passively map the area around you.
                  | [Deep Dwarf growth]
  1187 | D:6      | Reached XP level 9. HP: 54/78 MP: 0/7
  1203 | D:6      | Reached skill level 4 in Invocations
  1206 | D:6      | Noticed Edmund
  1217 | D:6      | Killed Edmund
  1357 | D:8      | Reached ***** piety under Uskayaw
  1358 | D:8      | Reached skill level 5 in Invocations
  1428 | D:9      | Noticed Maurice
  1451 | D:9      | Killed Maurice
  1451 | D:9      | Reached skill level 5 in Fighting
  1493 | D:9      | Reached skill level 6 in Invocations
  1569 | D:10     | Entered Level 10 of the Dungeon
  1657 | D:8      | Found Duruciup's Weapon Boutique.
  1739 | D:8      | Noticed a two-headed ogre
  1800 | D:7      | Bought a fine lead ring for 100 gold pieces
  1801 | D:7      | Identified the ring of Maaz Sang {rF+ rCorr Slay+2} (You
                  | bought it in a shop on level 7 of the Dungeon)
  1878 | D:9      | Reached XP level 10. HP: 82/88 MP: 8/10
  2036 | D:10     | Noticed a gargoyle
  2044 | D:10     | Killed a gargoyle
  2044 | D:10     | Reached skill level 7 in Invocations
  2077 | D:10     | Found a staircase to the Lair.
  2103 | Lair:1   | Entered Level 1 of the Lair of Beasts
  2103 | Lair:1   | Noticed Urug
  2115 | Lair:1   | Killed Urug
  2195 | Lair:2   | Reached skill level 8 in Invocations
  2198 | Lair:2   | Noticed a cane toad
  2208 | Lair:2   | Killed a cane toad
  2208 | Lair:2   | Reached skill level 1 in Evocations
  2249 | Lair:2   | Noticed an eight-headed hydra
  2251 | Lair:2   | Noticed a black mamba
  2260 | Lair:2   | Killed a black mamba
  2267 | Lair:2   | Killed an eight-headed hydra
  2306 | Lair:2   | Reached XP level 11. HP: 66/99 MP: 6/12
  2308 | Lair:2   | Noticed a four-headed hydra
  2386 | Lair:4   | Reached skill level 9 in Invocations
  2442 | Lair:5   | Noticed Nessos
  2451 | Lair:5   | Noticed Nessos
  2451 | Lair:5   | Nessos changed into Nessos the lindwurm
  2460 | Lair:5   | Killed Nessos the lindwurm
  2465 | Lair:5   | Reached ****** piety under Uskayaw
  2469 | Lair:5   | Reached skill level 15 in Axes
  2470 | Lair:5   | Reached skill level 5 in Evocations
  2485 | Lair:5   | Identified a scroll of acquirement
  2485 | Lair:5   | Acquired a +1 broad axe of freezing
  2518 | Lair:5   | Found a staircase to the Slime Pits.
  2566 | Lair:4   | Reached skill level 10 in Invocations
  2668 | Lair:4   | Reached XP level 12. HP: 78/109 MP: 9/9
  2671 | Lair:4   | Found a staircase to the Shoals.
  2691 | Shoals:1 | Entered Level 1 of the Shoals
  2751 | Shoals:2 | Reached skill level 5 in Armour
  2751 | Shoals:2 | Reached skill level 5 in Shields
  2754 | Shoals:2 | Noticed a merfolk aquamancer
  2765 | Shoals:2 | Reached skill level 11 in Invocations
  2766 | Shoals:2 | Killed a merfolk aquamancer
  2770 | Shoals:2 | Noticed a merfolk avatar
  2773 | Shoals:2 | Noticed a merfolk avatar
  2784 | Shoals:2 | Reached skill level 12 in Invocations
  2784 | Shoals:2 | Noticed a merfolk avatar
  2788 | Shoals:2 | Reached XP level 13. HP: 73/116 MP: 9/9
  2901 | Shoals:4 | Entered Level 4 of the Shoals
  2935 | Shoals:4 | Reached skill level 13 in Invocations
  2947 | Shoals:4 | Noticed a merfolk javelineer
  2948 | Shoals:4 | Noticed a merfolk javelineer
  2954 | Shoals:4 | Killed a merfolk javelineer
  3030 | Shoals:4 | Noticed a merfolk javelineer
  3030 | Shoals:4 | Noticed a merfolk impaler
  3036 | Shoals:4 | Killed a merfolk impaler
  3036 | Shoals:4 | Killed a merfolk javelineer
  3048 | Shoals:4 | Reached skill level 14 in Invocations
  3053 | Shoals:4 | Reached skill level 10 in Shields
  3053 | Shoals:4 | Gained mutation: You resist negative energy. (rN+) [Deep
                  | Dwarf growth]
  3053 | Shoals:4 | Reached XP level 14. HP: 44/123 MP: 3/6
  3135 | Shoals:4 | Got a barnacled rune of Zot
  3277 | Lair:4   | Reached skill level 15 in Invocations
  3309 | Lair:3   | Found a hole to the Spider Nest.
  3364 | Spider:1 | Entered Level 1 of the Spider Nest
  3408 | Spider:1 | Killed a ghost moth
  3514 | Spider:1 | Reached skill level 16 in Invocations
  3572 | Spider:1 | Noticed an emperor scorpion
  3607 | Spider:1 | Killed an emperor scorpion
  3663 | Spider:2 | Noticed an entropy weaver
  3669 | Spider:2 | Killed an entropy weaver
  3711 | Spider:2 | Reached XP level 15. HP: 88/130 MP: 3/3
  3746 | Spider:3 | Got a jewelled chain mail
  3790 | Spider:3 | Identified the +8 chain mail "Ruan Xer" {rPois Str-4 Int+2
                  | Dex+3} (You found it on level 3 of the Spider Nest)
  3797 | Spider:4 | Entered Level 4 of the Spider Nest
  3812 | Spider:4 | Reached skill level 1 in Dodging
  3832 | Spider:3 | You are sucked into a shaft and drop 1 floor!
  3887 | Spider:4 | Reached skill level 17 in Invocations
  4000 | Spider:4 | Reached skill level 18 in Invocations
  4014 | Spider:4 | Killed a ghost moth
  4018 | Spider:4 | Killed a ghost moth
  4023 | Spider:4 | Reached skill level 19 in Invocations
  4031 | Spider:4 | Got a gossamer rune of Zot
  4377 | Slime:1  | Entered Level 1 of the Pits of Slime
  4377 | Slime:1  | Noticed an acid blob
  4377 | Slime:1  | Noticed an azure jelly
  4379 | Slime:1  | Noticed an acid blob
  4389 | Lair:5   | Killed an azure jelly
  4389 | Lair:5   | Reached skill level 20 in Invocations
  4399 | Lair:5   | Killed an acid blob
  4413 | Slime:1  | Killed an acid blob
  4413 | Slime:1  | Reached XP level 16. HP: 122/139 MP: 0/2
  4425 | Slime:3  | Noticed an acid blob
  4440 | Slime:3  | Noticed an acid blob
  4441 | Slime:3  | Killed an acid blob
  4467 | Slime:3  | Killed an acid blob
  4467 | Slime:3  | Reached skill level 21 in Invocations
  4566 | Slime:5  | Entered Level 5 of the Pits of Slime
  4566 | Slime:5  | Noticed an acid blob
  4566 | Slime:5  | Noticed an acid blob
  4574 | Slime:5  | Killed an acid blob
  4580 | Slime:5  | Found a viscous altar of Jiyva.
  4580 | Slime:5  | Noticed an acid blob
  4581 | Slime:5  | Noticed the Royal Jelly
  4588 | Slime:5  | Killed an acid blob
  4588 | Slime:5  | Noticed an acid blob
  4588 | Slime:5  | Noticed an acid blob
  4589 | Slime:5  | Killed an acid blob
  4589 | Slime:5  | Noticed an acid blob
  4595 | Slime:5  | Killed an acid blob
  4595 | Slime:5  | Killed an acid blob
  4600 | Slime:5  | Noticed an acid blob
  4602 | Slime:5  | HP: 1/138 [disintegration (22)]
  4603 | Slime:5  | :(
  4604 | Slime:5  | Mangled by a death ooze

Illustrated notes

, ,* ,* , , , ,* . #?#* , ,
, ,, , ,, ##.*!!/*
............... , *#..##[|,
#.............. * #J##[)φ ,
#............. , #.G##/} ,
#............. ##.#}#[,
#.....J....... * *
#JJ########............. ,
,*,
..GGJJ#@..#............. ,
..JJ#JG.#.J.............
***#..########.............
*,,* ##.#}#$ #.............
, #..##?} #............. ,
#.##}:[ #............. ,
#..##([ #.............. , ,
##.*$($ #............... ,*
*, ** ................


Turn 4603 on Slime:5: :(

Levels and vault maps discovered:
D:1:      wander_arrival_desolate, layout_loops_cross, serial_forest,
          infiniplex_forest_clump_small, infiniplex_forest_lined_3,
          infiniplex_forest_straight_4, infiniplex_forest_zigzag_1,
          infiniplex_forest_end_1, infiniplex_forest_lined_corner
D:2:      layout_loops_ring, ashenzari_altar_1
D:3:      layout_basic, kiku_gazebo_garden_becter,
          gammafunk_temple_overflow_statue
D:4:      layout_loops_ring, fedhas_altar_1, serial_shops, nicolae_shop_trees
D:5:      black_bear_nest_1, layout_cave_pools, chequers_hall_statues_corner_a,
          uniq_pikel
D:6:      layout_gridville, zin_purify, minmay_temple_entry_trees, serial_shops,
          shop, minivault_14, uniq_menkaure, uniq_edmund
D:7:      layout_rooms, kennysheep_little_box, dancing_weapons_uskayaw,
          serial_shops, shop, hangedman_abyss_or_decor_stabs
D:8:      layout_basic, serial_shops, shop
D:9:      minmay_razor_zed, layout_cave_pools, uniq_maurice
D:10:     layout_roguey, dpeg_oklobed_lair
Lair:1:   layout_roguey, uniq_urug
Lair:2:   layout_layer_cave, infiniplex_staircase_pool, grunt_megastairs_1
Lair:3:   layout_cave_pods, nicolae_spider_entry_tight_spaces,
          serial_bayou_pond_e, serial_bayou_shore_b
Lair:4:   mu_elephants_graveyard, layout_hall_layers, elwin_shoals_entry_stream
Lair:5:   layout_regular_city, minmay_slime_entry_jelly_boxes, uniq_nessos
Shoals:1: layout_shoals
Shoals:2: layout_shoals
Shoals:3: layout_shoals, ebering_ghost_reflecting_pool, uniq_polyphemus
Shoals:4: shoals_end_grunt_garden, layout_shoals
Spider:1: layout_chambers, drop_trap
Spider:2: layout_spider_delve, uniq_arachne
Spider:3: layout_spider_delve, spiders_nest_ghost_moth_duel, uniq_mara
Spider:4: grunt_spider_rune_circles
Slime:1:  layout_caves
Slime:2:  layout_caves
Slime:3:  layout_caves, nicolae_slime_welcoming_committee
Slime:4:  layout_caves, cheibrodos_slime_lost_civilization_6
Slime:5

Skill      XL: |  1  2  3  4  5  6  7  8  9 10 11 12 13 14 15 16 |
---------------+-------------------------------------------------+-----
Axes           | 3 4 6 7 9 10 11 13 14 15 17 18 | 18.0
Fighting       | 3 5 6 7 |  7.9
Invocations    | 3 6 8 10 12 14 16 20 21 | 21.9
Evocations     | 3 6 |  6.8
Armour         | 4 6 |  6.5
Shields        | 4 7 10 12 13 | 13.1
Dodging        | 2 |  2.2

Action                   |  1- 3 |  4- 6 |  7- 9 | 10-12 | 13-15 | 16-18 || total
-------------------------+-------+-------+-------+-------+-------+-------++-------
Melee: War axe           |    78 |    63 |   256 |   149 |       |       ||   546
       Broad axe         |       |       |       |    96 |   476 |    72 ||   644
       Unarmed           |       |       |       |       |     5 |       ||     5
Throw: Dart              |       |       |       |     4 |    12 |       ||    16
       Javelin           |       |       |       |       |     3 |    10 ||    13
Invok: Stomp             |       |       |     4 |     9 |     6 |       ||    19
       Line Pass         |       |       |     1 |       |     1 |       ||     2
       Grand Finale      |       |       |       |       |     1 |       ||     1
 Abil: Heal Wounds       |     3 |     9 |    10 |    28 |    60 |    10 ||   120
Evoke: Wand              |       |       |     8 |     2 |    10 |     6 ||    26
       Tin of tremorston |       |       |       |     6 |     9 |       ||    15
       Condenser vane    |       |       |       |       |     8 |     1 ||     9
  Use: Scroll            |     2 |       |    13 |    12 |     8 |       ||    35
       Potion            |       |       |       |       |    11 |     2 ||    13
 Stab: Paralysed         |       |       |    16 |    32 |    84 |    21 ||   153
       Held in net/web   |       |       |       |       |     3 |       ||     3
       Distracted        |       |       |       |       |     1 |       ||     1
       Sleeping          |       |       |       |       |       |     3 ||     3
Armor: Scale mail        |    55 |    37 |     5 |       |       |       ||    97
       Plate armour      |       |       |   165 |   159 |   252 |       ||   576
       Skin              |       |       |     1 |       |    23 |       ||    24
       Chain mail        |       |       |       |       |    97 |    36 ||   133
Dodge: Dodged            |    48 |    58 |    56 |    63 |   108 |    21 ||   354
Block: Kite shield       |    69 |    65 |   151 |   171 |   410 |    49 ||   915
       Tower shield      |       |       |     6 |       |       |       ||     6

Table legend: (Time is in decaauts)
 A = Elapsed time spent in this place.
 B = Non-inter-level travel time spent in this place.
 C = Inter-level travel time spent in this place.
 D = Time resting spent in this place.
 E = Time spent auto-exploring this place.
 F = Levels seen in this place.
 G = Mean time per level.
                   A        B        C        D        E       F      G
               +--------+--------+--------+--------+--------+-----+--------+
         Total |   4540 |   4524 |     16 |      3 |      0 |  28 |  162.1 |
       Dungeon |   2149 |   2133 |     16 |      3 |      0 |  10 |  214.9 |
          Lair |    823 |    823 |      0 |      0 |      0 |   5 |  164.6 |
        Shoals |    566 |    566 |      0 |      0 |      0 |   4 |  141.5 |
   Spider Nest |    806 |    806 |      0 |      0 |      0 |   4 |  201.5 |
    Slime Pits |    194 |    194 |      0 |      0 |      0 |   5 |   38.8 |
               +--------+--------+--------+--------+--------+-----+--------+

Top non-repeatable levels by time:
     D:9: 424 daAuts
     D:6: 418 daAuts
Spider:4: 344 daAuts
     D:7: 325 daAuts
Shoals:4: 307 daAuts
Spider:1: 304 daAuts
     D:5: 296 daAuts
  Lair:4: 230 daAuts
  Lair:5: 217 daAuts
     D:8: 186 daAuts
  Lair:2: 165 daAuts
  Lair:3: 131 daAuts
     D:4: 126 daAuts
Shoals:2: 121 daAuts
     D:2: 120 daAuts
